AoeStats
← Rullebaas

Black Forest

505015755Analyzed
1v1 RM · 25d ago on Sep 7, 2026· 44m 12s· 2 players
Game mode
Random Map
Map size
Tiny (2 player)
Population
200
Speed
Normal
Resources
Standard
Victory
Conquest
Starting age
Dark Age
Ending age
Imperial Age
RankedLock teamsTeams togetherTeam positionsShared explorationLock speedFull tech treeHidden civsTurbo modeCheats
Victory
Defeat
🇳🇱 Wei · Netherlands
993
+17
🇳🇱 Vietnamese · Netherlands
1009
-17
Roelofzen
1:29 Loom
14:26 Feudal Age
15:23 Double-Bit Axe
15:19 Horse Collar
19:59 Castle Age
18:25 Stone Mining
21:18 Bow Saw
21:10 Heavy Plow
21:08 Town Watch
22:00 Wheelbarrow
22:07 Stone Shaft Mining
23:20 Gold Mining
23:49 Scale Barding Armor
25:01 Forging
26:16 Chain Barding Armor
27:42 Iron Casting
28:24 Bloodlines
29:50 Gold Shaft Mining
31:34 Town Patrol
31:50 Hand Cart
35:32 Imperial Age
33:27 Ballistics
33:00 Fletching
33:52 Tuntian
34:04 Bodkin Arrow
34:10 Padded Archer Armor
34:38 Husbandry
36:53 Ming Guang Armor
36:49 Conscription
36:02 Heavy Hei Guang Cavalry
37:26 Crop Rotation
38:32 Blast Furnace
39:24 Light Cavalry
40:13 Treadmill Crane
41:14 Hussar
Rullebaas
8:28 Loom
13:44 Feudal Age
14:36 Horse Collar
14:59 Double-Bit Axe
18:06 Castle Age
16:59 Fletching
17:37 Padded Archer Armor
18:38 Crossbowman
20:11 Bodkin Arrow
24:28 Ballistics
30:12 Wheelbarrow
30:25 Leather Archer Armor
30:11 Scale Mail Armor
30:21 Forging
31:02 Pikeman
31:42 Squires
31:28 Arson
32:52 Scale Barding Armor
33:23 Iron Casting
36:58 Imperial Age
36:08 Thumb Ring
36:58 Heavy Plow
36:49 Gold Mining
36:46 Double-Bit Axe
37:00 Arbalester
38:12 Ring Archer Armor
38:00 Bracer
39:23 Chemistry
40:12 Paper Money
40:18 Chain Barding Armor
40:04 Husbandry
39:57 Halberdier
42:29 Chain Mail Armor
Connection lost

Rejoining the realm…

Still unreachable

The connection could not be restored.

Session expired

The server has moved on; the page needs a fresh start.